AoeStats
← dorine6

Golden Pit

509655800Analyzed
1v1 RM · 6d ago on Sep 27, 2026· 52m 51s· 2 players
Game mode
Random Map
Map size
Tiny (2 player)
Population
200
Speed
Normal
Resources
Standard
Victory
Conquest
Starting age
Dark Age
Ending age
Imperial Age
RankedLock teamsTeams togetherTeam positionsShared explorationLock speedFull tech treeHidden civsTurbo modeCheats
Victory
Defeat
🇩🇪 Hindustanis · Germany
688
+17
🇫🇷 Shu · France
705
-26
kratos
10:25 Feudal Age
12:01 Double-Bit Axe
14:59 Forging
15:33 Gold Mining
15:50 Horse Collar
16:52 Man-at-Arms
19:54 Bloodlines
22:29 Stone Mining
24:59 Scale Barding Armor
29:38 Castle Age
28:30 Fletching
28:43 Scale Mail Armor
30:53 Husbandry
30:21 Light Cavalry
30:25 Long Swordsman
31:09 Squires
31:49 Iron Casting
31:33 Chain Mail Armor
34:33 Elite Skirmisher
36:13 Bow Saw
36:42 Gold Shaft Mining
36:49 Stone Shaft Mining
36:18 Bodkin Arrow
37:39 Arson
38:59 Thumb Ring
39:31 Ballistics
40:38 Wheelbarrow
41:37 Chain Barding Armor
40:58 Pikeman
41:59 Murder Holes
43:41 Hand Cart
44:18 Herbal Medicine
51:25 Heavy Plow
55:33 Imperial Age
53:23 Hand Cart
dorine6
5:26 Loom
12:57 Feudal Age
15:17 Double-Bit Axe
15:54 Gold Mining
17:25 Fletching
21:57 Scale Barding Armor
22:44 Horse Collar
24:43 Forging
25:11 Scale Mail Armor
28:48 Castle Age
29:04 Padded Archer Armor
29:50 Heavy Plow
30:01 Bow Saw
30:45 Stone Mining
31:56 Pikeman
35:18 Gold Shaft Mining
39:20 Chain Barding Armor
44:29 Imperial Age
43:26 Bodkin Arrow
43:35 Murder Holes
44:01 Ballistics
43:55 Masonry
44:20 Crossbowman
45:05 Thumb Ring
45:43 Heavy Hei Guang Cavalry
Connection lost

Rejoining the realm…

Still unreachable

The connection could not be restored.

Session expired

The server has moved on; the page needs a fresh start.